Map: Automaton LE

Players

Lambo - Winner!

  • Race: Zerg Zerg
  • League: Master
  • Spawn Location: 3:00

Beastyqt

  • Race: Terran Terran
  • League: Grandmaster
  • Spawn Location: 9:00

VOD

Have the link to the VOD?

Description

Time

  • Played on: Nov. 30, 2018, 1:51 p.m.
  • Length: 6:40
Show
View Real Time Build Order
Export as new Build Order

Lambo Zerg - Winner!

Build Orders: Hatch First 

Get SALT Encoding   

  12  0:00  Drone  
  13  0:13  Overlord  
  13  0:18  Drone  
  14  0:32  Drone x2  
  16  0:50  Hatchery  
  16  0:52  Drone  
  16  0:56  Drone  
  17  0:59  Drone  
  18  1:11  Extractor  
  17  1:15  Spawning Pool  
  17  1:18  Drone  
  17  1:21  Drone  
  18  1:28  Drone  
  19  1:39  Drone  
  20  1:50  Overlord  
  20  2:02  Queen x2, Zergling x2  
  20  2:03  Zergling x2  
  26  2:12  Metabolic Boost  
  26  2:14  Drone  
  26  2:15  Drone  
  28  2:25  Drone x2  
  30  2:39  Hatchery  
  30  2:43  Drone  
  30  2:47  Drone  
  31  2:51  Queen  
  33  3:03  Drone  
  33  3:05  Overlord  
  34  3:06  Drone x2  
  34  3:10  Overlord  
  36  3:25  Drone x3  
  36  3:26  Drone x2  
  41  3:30  Queen  
  41  3:33  Drone, Overlord  
  44  3:40  Drone  
  45  3:46  Zergling x2, Roach Warren  
  45  3:48  Lair  
  45  3:51  Drone  
  45  3:52  Extractor  
  45  3:53  Extractor, Drone  
  45  3:55  Drone  
  45  3:57  Zergling x2  
  45  4:00  Drone x2  
  45  4:02  Drone  
  49  4:06  Drone x2  
  51  4:11  Queen  
  51  4:14  Drone  
  54  4:20  Drone  
  54  4:21  Overlord  
  54  4:22  Drone  
  56  4:25  Spore Crawler  
  56  4:27  Pneumatized Carapace  
  56  4:30  Roach  
  57  4:36  Roach x2  
  61  4:43  Extractor  
  61  4:44  Roach x3  
  66  4:59  Roach x4  
  74  5:06  Overseer  
  74  5:10  Overlord x3  
  74  5:17  Overlord  
  74  5:32  Spore Crawler, Drone  
  74  5:40  Ravager x4  
  74  5:41  Zergling x24  
  91  5:50  Ravager  
  91  5:54  Zergling x4  
  91  5:55  Zergling x2  
  89  5:57  Queen  
  89  6:02  Zergling x2  
  89  6:03  Ravager  
  85  6:10  Ravager, Zergling x8  
  85  6:11  Zergling x2  
  84  6:13  Zergling x2  
Show
View Real Time Build Order
Export as new Build Order

Beastyqt Terran 

Build Orders: Liberator Opening, Reaper Expand 

Get SALT Encoding   

  12  0:01  SCV  
  13  0:13  SCV  
  14  0:18  Supply Depot  
  14  0:25  SCV  
  15  0:39  SCV  
  15  0:41  Barracks  
  16  0:45  Refinery  
  16  0:51  SCV  
  17  1:04  SCV  
  18  1:16  SCV  
  19  1:28  Orbital Command  
  19  1:29  Reaper  
  20  1:44  Command Center  
  20  1:54  SCV  
  20  1:55  Supply Depot  
  20  2:00  Marine  
  22  2:06  SCV  
  23  2:12  Factory  
  23  2:18  SCV  
  23  2:21  Refinery  
  23  2:22  Barracks Reactor  
  24  2:31  SCV  
  25  2:43  SCV  
  26  2:55  SCV  
  26  2:57  Orbital Command  
  27  3:00  Starport  
  27  3:08  Hellion x2  
  27  3:11  SCV  
  27  3:12  Barracks Tech Lab  
  32  3:23  SCV  
  32  3:25  SCV  
  32  3:26  Supply Depot, Liberator  
  34  3:29  Hellion x2  
  38  3:35  SCV  
  38  3:37  SCV  
  40  3:47  SCV  
  44  3:48  Supply Depot  
  44  3:49  SCV  
  44  3:51  Hellion  
  44  3:53  Hellion  
  49  3:59  SCV  
  49  4:00  Cloaking Field  
  49  4:02  SCV  
  51  4:11  SCV  
  51  4:12  Supply Depot  
  51  4:14  Hellion x2, SCV  
  57  4:23  SCV  
  58  4:26  Banshee, SCV  
  62  4:35  Supply Depot, SCV  
  62  4:36  Hellion x2  
  62  4:37  Supply Depot  
  67  4:44  SCV  
  68  4:51  SCV  
  68  4:52  Command Center  
  69  4:59  SCV  
  68  5:04  Refinery x2, SCV  
  68  5:06  Hellion x2  
  73  5:09  Supply Depot  
  73  5:12  SCV  
  74  5:14  Supply Depot  
  74  5:15  Banshee  
  74  5:19  SCV  
  78  5:25  Supply Depot  
  78  5:26  SCV  
  77  5:35  Factory  
  77  5:36  Factory  
  77  5:39  SCV  
  77  5:42  Hellion x2  
  82  5:44  SCV  
  82  5:45  Supply Depot x2  
  83  6:03  Hellion x2  
  89  6:09  SCV  
  88  6:12  Orbital Command  
  66  6:26  Factory Tech Lab x2  
Tags
 
Add a new tag
Caveats
  • Supply blocks, unpowered buildings, or Contaminate may cause inaccurate times.
  • Supply counts are checked every 10 seconds.